 Dungeon Crawl Stone Soup version 0.27-a0-475-g4587593e40 (webtiles) character file.

Game seed: 3390700015783990152

30 Chiseanne the Magician (level 3, 20/27 HPs)
             Began as a Demonspawn Wanderer on Mar 1, 2021.
             Quit the game on level 1 of the Dungeon.
             The game lasted 00:02:02 (854 turns).

Chiseanne the Magician (Demonspawn Wanderer)         Turns: 854, Time: 00:02:03

Health: 20/27      AC:  2    Str: 11    XL:     3   Next: 3%
Magic:  7/7        EV: 11    Int: 14    God:
Gold:   35         SH:  4    Dex: 13    Spells: 8/8 levels left

rFire    . . .     SeeInvis .   a - +1 dagger (venom)
rCold    . . .     Faith    .   d - +0 buckler
rNeg     . . .     Spirit   .   e - +0 robe
rPois    .         Reflect  .   (no helmet)
rElec    .         Harm     .   (no cloak)
rCorr    .         Rampage  .   (no gloves)
Will     .....                  (no boots)
Stlth    ++........             (no amulet)
HPRegen  0.09/turn              (no ring)
MPRegen  0.20/turn              (no ring)

@: no status effects
A: hooves 1, magic regeneration
a: no special abilities


You were on level 1 of the Dungeon.
You visited 1 branch of the dungeon, and saw 1 of its levels.

You collected 35 gold pieces.

Inventory:

Hand Weapons
 a - a +1 dagger of venom (weapon)
Missiles
 b - 4 curare-tipped darts
 g - 60 stones (quivered)
Armour
 d - a +0 buckler (worn)
 e - a +0 robe (worn)
Scrolls
 f - a scroll of teleportation {unknown}
 h - a scroll of fog {unknown}
 i - 2 scrolls of identify {unknown}
Potions
 c - 2 potions of curing


   Skills:
 * Level 1.9 Fighting
 - Level 1.0 Throwing
 * Level 1.2 Dodging
 - Level 1.7 Stealth
 * Level 1.7 Shields
 - Level 3.0 Spellcasting
 - Level 2.0 Poison Magic


You had 8 spell levels left.
You didn't know any spells.
Your spell library was empty.

Dungeon Overview and Level Annotations

Branches:
Dungeon (1/15)

Altars:
Nemelex Xobeh


Innate Abilities, Weirdness & Mutations

You have large cloven feet.
You regenerate magic rapidly.


Message History

Items here: ) †††.
j - a +1 dagger of venom You feel sick.
Drop what? 10/52 slots (_ for help) (? for menu, Esc to quit)
You are now empty-handed.
You drop a +2 dagger.
Your +1 dagger of venom begins to drip with poison!
j - a +1 dagger of venom (weapon)
Adjust (i)tems, (s)pells, or (a)bilities?
j - a +1 dagger of venom (weapon)
Adjust to which letter? (? for menu, Esc to quit)
a - a +1 dagger of venom (weapon)
You feel sick.
You feel sick. x3
You are no longer poisoned.
You see here a +2 dagger.
Things that are here:
a goblin corpse; a goblin corpse; a bat corpse
Found a glowing barding.
No target in view!
Found a short sword.
g - 37 stones (gained 1)
g - 38 stones (gained 1)
c - 2 potions of curing (gained 1)
g - 60 stones (gained 22)
A dart slug is nearby!
The dart slug launches a dart at you. The slug dart hits you.
You hit the dart slug.
The dart slug is poisoned.
The dart slug is moderately wounded.
You hit the dart slug.
The dart slug looks as sick as possible!
You kick the dart slug, but do no damage.
The dart slug is severely wounded.
You kill the dart slug!
You have reached level 3!
Your experience leads to an increase in your attributes!
Increase (s)trength, (i)ntelligence, or (d)exterity?
You feel stronger.
Your demonic ancestry asserts itself...
Your magic begins to regenerate rapidly.
Are you sure you want to abandon this character and quit the game? (Confirm with "yes".)

.......# #.##.........# #.....
.......# #..........#.# #......
.......# #.#.##.....#.###....⌠.
.......# #.....#....#..##......
.......######....#....##.###.....
........)....⌠.⌠......#....###...
.......####..._..............####
......[.....#⌠.⌠...............>.
........#..###..@.............##.
................#.............#..
.....######.....#.............#..
.##....#####...##.............#..
.................................
.####...##..##.................#.
.# ###...#....####........).....
.# ###.###..#######..÷........ ##
#.........###......†.....


There were no monsters in sight!

Vanquished Creatures
  2 dart slugs (D:1)
  A giant cockroach (D:1)
  3 goblins (D:1)
  A hobgoblin (D:1)
  4 jackals (D:1)
  5 bats (D:1)
  2 frilled lizards (D:1)
  5 kobolds (D:1)
  4 rats (D:1)
27 creatures vanquished.

Notes
Turn   | Place    | Note
-------+----------+-------------------------------------------
     0 | D:1      | Chiseanne the Demonspawn Wanderer began the quest for the
                  | Orb.
     0 | D:1      | Chiseanne set off with the following items: a +2 dagger, 4
                  | curare-tipped darts, a potion of curing, a +0 buckler, a +0
                  | robe
     0 | D:1      | Reached XP level 1. HP: 15/15 MP: 4/4
   332 | D:1      | Gained mutation: You have large cloven feet. [demonic
                  | ancestry]
   332 | D:1      | Reached XP level 2. HP: 12/21 MP: 6/6
   400 | D:1      | Reached skill level 1 in Dodging
   478 | D:1      | Found a sparkling altar of Nemelex Xobeh.
   854 | D:1      | Gained mutation: You regenerate magic rapidly. [demonic
                  | ancestry]
   854 | D:1      | Reached XP level 3. HP: 20/27 MP: 7/7
   854 | D:1      | Quit the game

Illustrated notes

Levels and vault maps discovered:
D:1:      dpeg_arrival_three_same_balls, layout_rooms,
          nemelex_xobeh_ov_fountains_minmay

Skill      XL: |  1  2 |
---------------+-------+-----
Dodging        | 1 |  1.2
Fighting       | |  1.9
Throwing       | |  1.0
Stealth        | |  1.7
Shields        | |  1.7
Spellcasting   | |  3.0
Poison Magic   | |  2.0

Action                   || total
-------------------------++-------
Melee: Dagger            ||    61
       Kick              ||     7
Throw: Stone             ||     4
Armor: Robe              ||    17
Dodge: Dodged            ||    38
Block: Buckler           ||    12

Table legend: (Time is in decaauts)
 A = Elapsed time spent in this place.
 B = Non-inter-level travel time spent in this place.
 C = Inter-level travel time spent in this place.
 D = Time resting spent in this place.
 E = Time spent auto-exploring this place.
 F = Levels seen in this place.
 G = Mean time per level.
                   A        B        C        D        E       F      G
               +--------+--------+--------+--------+--------+-----+--------+
         Total |    857 |    857 |      0 |    416 |    261 |   1 |  857.0 |
       Dungeon |    857 |    857 |      0 |    416 |    261 |   1 |  857.0 |
               +--------+--------+--------+--------+--------+-----+--------+

Top non-repeatable levels by time:
     D:1: 857 daAuts
